 Dungeon Crawl Stone Soup version 0.13-a0-1614-gd69a504 (console) character file.

224 Duph the Poker (level 4, -8/34 HPs)
             Began as a Merfolk Abyssal Knight on June 15, 2013.
             Was a Believer of Lugonu.
             Shot with an arrow of frost by a centaur (17 damage)
             ... on Level 3 of the Dungeon.
             The game lasted 00:11:50 (3865 turns).

Duph the Poker (Merfolk Abyssal Knight)             Turns: 3865, Time: 00:11:50

HP  -8/34        AC  3     Str 13      XL: 4   Next: 81%
MP   4/5         EV 12     Int 11      God: Lugonu [**....]
Gold 119         SH  0     Dex 13      Spells:  0 memorised,  3 levels left

Res.Fire  : . . .   See Invis. : .   a - +2 spear {=f}
Res.Cold  : . . .   Warding    : .   b - +0 leather armour
Life Prot.: . . .   Conserve   : .   (no shield)
Res.Poison: .       Res.Corr.  : .   (no helmet)
Res.Elec. : .       Clarity    : .   (no cloak)
Sust.Abil.: . .     Spirit.Shd : .   (no gloves)
Res.Mut.  : .       Stasis     : .   (no boots)
Res.Rott. : .       Flight     : .   (no amulet)
Saprovore : . . .                    (no ring)
                                     (no ring)

@: slightly resistant to hostile enchantments, unstealthy
A: change form in water, swift swim
a: Depart the Abyss, Bend Space, Renounce Religion


You were on level 3 of the Dungeon.
You worshipped Lugonu.
Lugonu was most pleased with you.
You were hungry.

You visited 1 branch of the dungeon, and saw 3 of its levels.
You visited the Abyss 1 time.

You collected 99 gold pieces.

Inventory:

Hand weapons
 a - a +2,+2 spear (weapon) {=f}
 c - a +0,+0 dagger
 f - a +2,+0 orcish spear (quivered)
 h - a +1,+0 elven dagger
 p - a +0,+0 dagger
 s - a +0,+0 sling
Missiles
 g - 16 arrows of flame
 o - 29 poisoned needles
 r - 56 stones
Armour
 b - a +0 leather armour (worn)
Comestibles
 j - a meat ration
 t - a pear
 v - a bread ration
Scrolls
 d - 2 scrolls of remove curse {unknown}
 e - 2 scrolls of curse weapon {unknown}
 i - a scroll of random uselessness {unknown}
 k - a scroll of curse armour {unknown}
 l - 3 scrolls of teleportation {unknown}
 u - a scroll of enchant weapon I {unknown}
 w - a scroll of identify {unknown}
Jewellery
 m - an uncursed amulet of resist mutation {unknown}
Potions
 n - 2 potions of curing
 q - a potion of flight


   Skills:
 - Level 3.4 Fighting
 + Level 0.0 Short Blades
   Level 0.0 Long Blades
   Level 0.0 Axes
   Level 0.0 Maces & Flails
 * Level 4.9 Polearms
   Level 0.0 Staves
 + Level 0.0 Slings
   Level 0.0 Bows
   Level 0.0 Crossbows
 + Level 0.0 Throwing
 + Level 1.8 Armour
 - Level 2.8 Dodging
 + Level 1.0 Stealth
   Level 0.0 Stabbing
   Level 0.0 Shields
 + Level 0.0 Traps
 + Level 0.0 Unarmed Combat
 + Level 0.0 Spellcasting
   Level 0.0 Conjurations
   Level 0.0 Hexes
   Level 0.0 Charms
   Level 0.0 Summonings
   Level 0.0 Necromancy
   Level 0.0 Translocations
   Level 0.0 Transmutations
   Level 0.0 Fire Magic
   Level 0.0 Ice Magic
   Level 0.0 Air Magic
   Level 0.0 Earth Magic
   Level 0.0 Poison Magic
 + Level 2.6 Invocations
   Level 0.0 Evocations


You had 3 spell levels left.
You didn't know any spells.

Dungeon Overview and Level Annotations

Branches:
Dungeon (3/27)

Altars:


Message History

HP restored.
The goblin shouts!
The goblin throws a dwarven dagger.
The dwarven dagger misses you.
A centaur comes into view.
The centaur shouts!
The centaur wields a bow.
The centaur shoots an arrow of frost.
The arrow of frost hits you!
One of your 3 potions of flight freezes and shatters!
You see here an arrow of frost.
The centaur shoots an arrow of frost.
The arrow of frost hits you!
The centaur shoots an arrow of frost.
The arrow of frost misses you.
You see here 2 arrows of frost.
Use which ability? (? or * to list) Space bends around you!
You blink.
You feel slightly more hungry.
The centaur shoots an arrow of frost.
The arrow of frost hits you!
One of your 2 potions of flight freezes and shatters!
* * * LOW HITPOINT WARNING * * *
The centaur shoots an arrow of frost.
The arrow of frost hits you!
Ouch! That really hurt!
You die...

...# #............... ...#
#...######...... ...# #...#
#...... ...# #...# ... ...#
#...# ...# #...# ....# ...#
#...######....#
...###############.............#
............g...@..............#
.........(()........#######....#
...####.............# #....# ..
#....######...# #....## #..c.#
#...# #...... ......######...#
#......
................#######......
...........................##
...c......................#


You could see a centaur and a goblin.

Vanquished Creatures
  A gnoll (D:3)
  4 adders (D:2)
  3 giant geckos
  An ooze (D:2)
  5 bats
  A giant cockroach (D:2)
  7 goblins
  3 hobgoblins
  6 jackals
  2 quokkas (D:3)
  9 giant newts
  5 kobolds
  12 rats
59 creatures vanquished.

Notes
Turn   | Place    | Note
--------------------------------------------------------------
     0 | Abyss:1  | Duph, the Merfolk Abyssal Knight, began the quest for the Orb.
     0 | Abyss:1  | Reached XP level 1. HP: 16/16 MP: 1/1
    33 | Abyss:1  | Noticed an ancient zyme
    39 | D:1      | Escaped the Abyss
   256 | D:1      | Reached XP level 2. HP: 12/22 MP: 2/2
   423 | D:1      | Acquired Lugonu's first power
  1033 | D:2      | Reached skill level 1 in Armour
  1033 | D:2      | Reached XP level 3. HP: 11/28 MP: 4/4
  1365 | D:2      | Reached skill level 4 in Polearms
  2326 | D:2      | Reached XP level 4. HP: 27/34 MP: 5/5
  2468 | D:3      | Acquired Lugonu's second power
  2714 | D:2      | Reached skill level 1 in Stealth
  3860 | D:3      | Noticed a centaur
  3865 | D:3      | Shot with an arrow of frost by a centaur

Action                   |  1- 3 |  4- 6 || total
-------------------------+-------+-------++-------
Melee: Spear             |   114 |    82 ||   196
Invok: Depart the Abyss  |     1 |       ||     1
       Bend Space        |       |     1 ||     1
  Use: Potion            |     6 |     1 ||     7
